 Dungeon Crawl Stone Soup version 0.25.1-2-g60ff931df9 (webtiles) character file.

Game seed: 6845706544915642426

10910 DildoBatman the Dealer of Despair (level 12, -17/91 HPs)
             Began as a Formicid Wizard on Aug 10, 2020.
             Was an Elder of Kikubaaqudgha.
             Killed from afar by an orc sorcerer (25 damage)
             ... with a bolt of fire
             ... led by an orc knight
             ... on level 2 of the Orcish Mines.
             The game lasted 00:47:18 (11388 turns).

DildoBatman the Dealer of Despair (FoWz)           Turns: 11388, Time: 00:47:19

Health: -17/91     AC:  6    Str: 12    XL:     12   Next: 1%
Magic:  2/16       EV: 14    Int: 23    God:    Kikubaaqudgha [****..]
Gold:   1062       SH:  0    Dex:  9    Spells: 1/17 levels left

rFire    . . .     SeeInvis +   a - +1 demon trident (elec)
rCold    . . .     Gourm    .   (no shield)
rNeg     . . .     Faith    .   o - +0 troll leather armour
rPois    .         Spirit   .   (helmet unavailable)
rElec    .         Reflect  .   u - +0 cloak
rCorr    .         Harm     .   (no gloves)
MR       +....                  (no boots)
Stlth    ++........             g - amulet of the acrobat
HPRegen  0.65/turn              (no ring)
MPRegen  0.15/turn              (no ring)

@: very slightly contaminated
A: permanent stasis, dig shafts and tunnels, four strong arms, antennae 3
a: Dig, Shaft Self, Receive Corpses, Renounce Religion


You were on level 2 of the Orcish Mines.
You worshipped Kikubaaqudgha.
Kikubaaqudgha was greatly pleased with you.
You were hungry.

You visited 3 branches of the dungeon, and saw 14 of its levels.
You also visited: Sewer.

You collected 1062 gold pieces.

Inventory:

Hand Weapons
 a - a +1 demon trident of electrocution (weapon)
 b - a +2 spear of venom
 c - a +0 hunting sling
Missiles
 e - 349 stones (quivered)
 f - 50 poisoned darts
 h - 59 sling bullets
 k - 146 bolts
 t - 15 atropa-tipped darts
 H - 119 arrows
Armour
 o - a +0 troll leather armour (worn)
 u - a +0 cloak (worn)
 z - a +0 kite shield of reflection
Jewellery
 g - an amulet of the acrobat (around neck)
 p - an uncursed ring of ice
 r - an uncursed amulet of reflection
Wands
 n - a wand of clouds (6)
 w - a wand of iceblast (21)
Scrolls
 i - a scroll of enchant weapon {unknown}
 j - 2 scrolls of fog
 l - a scroll of enchant armour {unknown}
 q - 4 scrolls of immolation
 x - a scroll of remove curse
 F - a scroll of random uselessness {unknown}
 J - 2 scrolls of fear
 K - a scroll of amnesia {unknown}
Potions
 m - a potion of might {unknown}
 y - 2 potions of curing
 A - 2 potions of flight
 D - a potion of experience {unknown}
 I - a potion of ambrosia {unknown}
Comestibles
 d - 4 chunks of flesh
 v - 14 rations


   Skills:
 - Level 7.4 Fighting
 - Level 7.4 Armour
 - Level 6.5 Dodging
 - Level 2.4 Stealth
 - Level 3.2 Spellcasting
 - Level 6.0 Conjurations
   Level 1.0 Summonings
 * Level 7.7 Necromancy
   Level 0.8 Translocations
 - Level 5.0 Fire Magic
 - Level 5.0 Air Magic
 * Level 5.6 Earth Magic


You had one spell level left.
You knew the following spells:

 Your Spells              Type           Power        Failure   Level  Hunger
a - Conjure Flame         Conj/Fire      ####....     4%          3    ###....
b - Borgnjor's Vile Clut  Necr/Erth      ####......   24%         5    ######.
c - Magic Dart            Conj           ####         1%          1    None
e - Mephitic Cloud        Conj/Pois/Air  ###.....     10%         3    ###....
h - Dispel Undead         Necr           #####...     6%          4    ####...

Your spell library contained the following spells:

 Spells                   Type           Power        Failure   Level  Hunger
 Pain                     Necr           ####         1%          1    None
 Corpse Rot               Necr/Air       N/A          1%          2    ##.....
 Sublimation of Blood     Necr           #####.....   1%          2    ##.....
 Vampiric Draining        Necr           #####.....   1%          3    ###....
 Call Imp                 Summ           #.......     14%         2    ##.....
 Slow                     Hex            #.......     22%         2    ##.....
 Excruciating Wounds      Chrm/Necr      ###.......   61%         5    ######.
 Death Channel            Necr           #####.....   65%         6    #######
 Simulacrum               Ice/Necr       ###.......   99%         6    #######
 Blink                    Tloc           Unusable     N/A         2    N/A

Dungeon Overview and Level Annotations

Branches:
Dungeon (11/15)            Temple (1/1) D:5            Lair (0/6) D:11
    Orc (2/2) D:9             Elf (0/3) Orc:2         Sewer (visited)

Altars:
Ashenzari
Cheibriados
Dithmenos
Elyvilon
Fedhas
Gozag
Hepliaklqana
Kikubaaqudgha
Makhleb
Nemelex Xobeh
Okawaru
Qazlal
Ru
Sif Muna
Trog
Uskayaw
Vehumet
Wu Jian
Xom
Yredelemnul
Zin
The Shining One
Lugonu

Shops:
D:8 *   D:9 (*

Annotations:
D:4 exclusion: statue
D:7 exclusion: dancing weapon
D:8 1 runed translucent door, exclusion: sixfirhy


Innate Abilities, Weirdness & Mutations

You cannot be hasted, slowed, berserked, paralysed or teleported.
You can dig through walls and to a lower floor.
Your four strong arms can wield two-handed weapons with a shield.
You have a pair of large antennae on your head. (SInv)


Message History

The bolt of fire misses you.
Eat one of 4 chunks of flesh? (ye/n/q)
Okay, then.
You feel better.
Casting: Borgnjor's Vile Clutch (dangerous; 24% risk of failure)
Confirm with . or Enter, or press ? or * to list all spells.
Aiming: Mephitic Cloud (dangerous; 10% risk of failure)
Press: ? - help, Shift-Dir - straight line, f/p - orc sorcerer
Aim: an orc sorcerer, wielding a +0 dagger and wearing a +0 robe (almost dead)
You miscast Mephitic Cloud.
You are very lightly contaminated with residual magic.
Nothing appears to happen.
You barely miss the orc sorcerer.
The orc sorcerer is almost dead.
The soul eater draws from the surrounding life force!
The soul eater is healed.
The orc sorcerer gestures at you while chanting.
The bolt of fire hits you!!
You die...
Kikubaaqudgha rasps: "You have failed me!
Welcome... death!"

## ## ## #.##
.##...#
#.....#
......#
[....##
......#
.##..## ###
.#.### ##@##
.... ##.#o##
.#..
##.###3##
#... ##.##
##.## ....#
##.## ##3#
..## ##.##
##.## .##
#.## ####.##
###
###.####.#{##
..##
##....##..{##


You could see 2 soul eaters and an orc sorcerer.

Vanquished Creatures
  Donald (Orc:2)
  An orc knight (Orc:2)
  Pikel (D:7)
  Maggie (D:8)
  2 trolls
  A hornet (D:9)
  5 slime creatures (D:8)
  4 hippogriffs
  4 yaks (D:9)
  Eustachio (D:6)
  3 wargs (Orc:2)
  2 porcupines
  Duvessa (D:5)
  4 slaves (D:7)
  Purgy (Sewer)
  2 sky beasts
  6 orc warriors
  An ice beast (D:7)
  2 phantoms
  A necrophage (D:9)
  4 ogres
  4 centaurs
  A crocodile (D:11)
  A big kobold (D:7)
  5 bullfrogs
  A wyvern zombie (D:8)
  Dowan (D:5)
  3 scorpions
  A wyvern skeleton (D:9)
  2 killer bees (D:10)
  6 howler monkeys
  7 crimson imps
  2 centaur zombies
  4 hounds
  2 jellies
  2 bullfrog skeletons
  8 orc priests
  2 centaur skeletons
  13 orc wizards
  Ijyb (D:5)
  An iguana (D:9)
  7 worker ants
  A killer bee zombie (D:8)
  A hound zombie (D:5)
  A hound skeleton (D:7)
  A worker ant zombie (D:10)
  A howler monkey zombie (D:9)
  4 gnolls
  A howler monkey skeleton (D:7)
  8 adders
  A shadow imp (D:7)
  2 oozes
  An adder skeleton (D:8)
  2 adder zombies
  3 worms
  A dart slug (D:1)
  5 leopard geckos
  40 orcs
  4 ball pythons
  9 giant cockroaches
  6 goblins
  9 hobgoblins
  11 jackals
  5 quokkas
  4 bats
  11 frilled lizards
  15 kobolds
  A leopard gecko zombie (D:5)
  7 rats
277 creatures vanquished.

Vanquished Creatures (others)
  5 fungi (D:11)
5 creatures vanquished.

Grand Total: 282 creatures vanquished

Notes
Turn   | Place    | Note
-------+----------+-------------------------------------------
     0 | D:1      | DildoBatman the Formicid Wizard began the quest for the
                  | Orb.
     0 | D:1      | Reached XP level 1. HP: 13/13 MP: 4/4
    98 | D:1      | Reached skill level 1 in Conjurations
   258 | D:1      | Reached XP level 2. HP: 15/19 MP: 0/6
   855 | D:1      | Reached XP level 3. HP: 24/24 MP: 4/7
   860 | D:1      | Learned a level 3 spell: Conjure Flame
   864 | D:1      | Learned a level 3 spell: Mephitic Cloud
  1488 | D:2      | Reached XP level 4. HP: 30/30 MP: 5/8
  2202 | D:3      | Found a glowing drain.
  2266 | D:3      | Reached XP level 5. HP: 19/35 MP: 1/9
  2268 | D:3      | Found a stormy altar of Qazlal.
  2455 | Sewer    | Entered a sewer
  2491 | Sewer    | Noticed Purgy
  2651 | Sewer    | Killed Purgy
  2651 | Sewer    | Reached skill level 5 in Conjurations
  2651 | Sewer    | Reached XP level 6. HP: 30/41 MP: 3/10
  3055 | D:3      | Found a snail-covered altar of Cheibriados.
  3145 | D:3      | Found a shattered altar of Ashenzari.
  3461 | D:4      | Found a radiant altar of Vehumet.
  3516 | D:5      | Entered Level 5 of the Dungeon
  3530 | D:5      | Found a staircase to the Ecumenical Temple.
  3565 | Temple   | Entered the Ecumenical Temple
  3599 | Temple   | Became a worshipper of Kikubaaqudgha
  3881 | D:5      | Reached XP level 7. HP: 26/46 MP: 4/11
  4090 | D:4      | Reached skill level 1 in Fire Magic
  4515 | D:5      | Noticed Ijyb
  4532 | D:5      | Killed Ijyb
  4532 | D:5      | Reached skill level 1 in Air Magic
  4837 | D:5      | Found a shadowy altar of Dithmenos.
  4838 | D:5      | Noticed Duvessa
  4849 | D:5      | Noticed Dowan
  4852 | D:5      | Killed Duvessa
  4869 | D:5      | Killed Dowan
  4970 | D:5      | Found a shimmering blue altar of Sif Muna.
  5378 | D:6      | Reached XP level 8. HP: 52/52 MP: 8/12
  5491 | D:6      | Reached * piety under Kikubaaqudgha
  5491 | D:6      | Identified Kikubaaqudgha's Tome of Sinister Secrets
                  | (Kikubaaqudgha gifted it to you on level 6 of the Dungeon)
  5491 | D:6      | Received a gift from Kikubaaqudgha
  5543 | D:6      | Found a shimmering altar of Xom.
  5543 | D:6      | Found a burning altar of Makhleb.
  5631 | D:6      | Noticed Eustachio
  5705 | D:6      | Killed Eustachio
  5846 | D:6      | Reached skill level 5 in Fire Magic
  5860 | D:6      | Got a smoking ruby amulet
  5862 | D:6      | Identified the amulet of Ronk {Inacc rPois Dex+4} (You
                  | found it on level 6 of the Dungeon)
  6135 | D:6      | Reached skill level 5 in Air Magic
  6135 | D:6      | Reached XP level 9. HP: 57/57 MP: 6/13
  6235 | D:7      | Reached skill level 1 in Fighting
  6235 | D:7      | Reached skill level 1 in Armour
  6573 | D:7      | Reached ** piety under Kikubaaqudgha
  6665 | D:7      | Noticed Pikel
  6718 | D:7      | Killed Pikel
  6732 | D:7      | Found an ornate altar of the Wu Jian Council.
  6802 | D:7      | Noticed a +0 dagger
  6802 | D:7      | Noticed a +0 dagger
  6803 | D:7      | Found a hide-covered altar of Uskayaw.
  6933 | D:8      | Found a bloodstained altar of Trog.
  6933 | D:8      | Found a basalt altar of Yredelemnul.
  6944 | D:8      | Noticed a slime creature
  6944 | D:8      | Noticed a slime creature
  6956 | D:8      | Killed a slime creature
  6974 | D:8      | Killed a slime creature
  6974 | D:8      | Reached XP level 10. HP: 19/73 MP: 9/14
  7103 | D:8      | Reached skill level 5 in Fighting
  7103 | D:8      | Reached skill level 5 in Armour
  7206 | D:8      | Reached skill level 5 in Dodging
  7347 | D:8      | You fall into a shaft and drop 3 floors!
  7727 | D:11     | Noticed a gargoyle
  7763 | D:10     | Entered Level 10 of the Dungeon
  8516 | D:8      | Found a runed translucent door.
  8518 | D:8      | Noticed a sixfirhy
  8519 | D:8      | Found Ronuoh's General Store.
  8759 | D:8      | Noticed Maggie
  8782 | D:8      | Killed Maggie
  8782 | D:8      | Reached XP level 11. HP: 39/82 MP: 15/15
  8872 | D:9      | Reached *** piety under Kikubaaqudgha
  8872 | D:9      | Identified Kikubaaqudgha's Collected Works on Necromancy
                  | (Kikubaaqudgha gifted it to you on level 9 of the Dungeon)
  8872 | D:9      | Received a gift from Kikubaaqudgha
  8881 | D:9      | Learned a level 4 spell: Dispel Undead
  8887 | D:9      | Learned a level 5 spell: Borgnjor's Vile Clutch
  8912 | D:9      | Found Zin's Purification Station.
  8915 | D:9      | Found a glowing silver altar of Zin.
  9042 | D:9      | Reached skill level 1 in Necromancy
  9219 | D:9      | Found Fod Idio's Weapon Boutique.
  9219 | D:9      | Found a staircase to the Orcish Mines.
  9479 | D:9      | Reached skill level 5 in Necromancy
  9734 | D:9      | Found a blossoming altar of Fedhas.
 10316 | D:10     | Reached **** piety under Kikubaaqudgha
 10330 | D:9      | Reached skill level 1 in Earth Magic
 10501 | Orc:1    | Entered Level 1 of the Orcish Mines
 10877 | Orc:2    | Entered Level 2 of the Orcish Mines
 10918 | Orc:2    | Noticed Donald
 11072 | Orc:2    | Killed Donald
 11134 | Orc:2    | Found a staircase to the Elven Halls.
 11239 | Orc:2    | HP: 1/84 [orc priest/divine providence (14)]
 11297 | Orc:2    | Reached skill level 5 in Earth Magic
 11323 | Orc:2    | Noticed an orc sorcerer
 11324 | Orc:2    | Noticed an orc knight
 11375 | Orc:2    | Killed an orc knight
 11380 | Orc:2    | Noticed a soul eater
 11383 | Orc:2    | Noticed a soul eater
 11383 | Orc:2    | Reached XP level 12. HP: 35/91 MP: 4/16
 11388 | Orc:2    | Killed from afar by an orc sorcerer

Illustrated notes

Levels and vault maps discovered:
D:1:      psy_arrival_statuary, layout_basic
D:2:      minmay_door_path, layout_loops_cross
D:3:      layout_loops_ring, evilmike_ruin_ashenzari,
          nicolae_qazlal_general_emergency, nicolae_overflow_hidden_temple,
          first_ration, cheibrodos_sewer_entry_sluice, guppyfry_early_orc_mine
D:4:      layout_basic, vehumet_statue, minmay_crystal_room
D:5:      minmay_general_purpose_star, layout_loops_cross,
          nicolae_dithmenos_the_darkroom, marbit_many_paths,
          minmay_temple_entry_gardened_gates, uniq_ijyb, uniq_duvessa
D:6:      layout_cave_pools, grunt_temple_overflow_champion_of_chaos,
          nrook_mini_vaults, uniq_eustachio
D:7:      layout_rooms, lemuel_round_altar, dancing_weapons_uskayaw, uniq_pikel
D:8:      cheibrodos_shockbox, layout_loops_cross,
          gammafunk_temple_overflow_elements, serial_shops,
          nicolae_shop_waterfront, uniq_maggie
D:9:      layout_loops_corners, zin_purify, fedhas_altar_2, orc_david_3,
          lightli_corner_chamber
D:10:     layout_irregular_city, grunt_ogre_cave
D:11:     layout_long_grid, due_lair_maze_entry_diamond, hangedman_incinerator
Temple:   corrupted_temple
Orc:1:    layout_diamond_mine
Orc:2:    grunt_orc_tribal_feast, layout_caves, gammafunk_ghost_split,
          uniq_donald

Skill      XL: |  1  2  3  4  5  6  7  8  9 10 11 |
---------------+----------------------------------+-----
Conjurations   | 1 2 3 4 5 6 |  6.0
Fire Magic     | 3 5 |  5.0
Air Magic      | 2 5 |  5.0
Fighting       | 4 7 |  7.4
Armour         | 4 7 |  7.4
Dodging        | 4 6 |  6.5
Necromancy     | 7 |  7.7
Earth Magic    | 5 |  5.6
Stealth        | |  2.4
Spellcasting   | |  3.2
Summonings     | |  1.0
Translocations | |  0.8

Action                   |  1- 3 |  4- 6 |  7- 9 | 10-12 || total
-------------------------+-------+-------+-------+-------++-------
Melee: Short sword       |    21 |    21 |       |       ||    42
       Spear             |       |    75 |   205 |   414 ||   694
       Flail             |       |       |    14 |    56 ||    70
       Demon trident     |       |       |       |    15 ||    15
 Fire: Hunting sling     |       |       |    22 |    14 ||    36
 Cast: Magic Dart        |    81 |    72 |    26 |    52 ||   231
       Conjure Flame     |       |     3 |    14 |    42 ||    59
       Mephitic Cloud    |       |     2 |    37 |    33 ||    72
       Borgnjor's Vile C |       |       |       |     1 ||     1
 Abil: Dig               |     4 |     7 |    12 |    22 ||    45
  Use: Scroll            |       |     7 |     1 |    10 ||    18
       Potion            |       |       |       |     4 ||     4
 Stab: Confused          |       |     1 |     9 |    10 ||    20
       Sleeping          |       |     1 |       |       ||     1
  Eat: Chunk             |     2 |     9 |    16 |    22 ||    49
       Ration            |       |       |       |     1 ||     1
Armor: Robe              |     7 |     4 |    22 |    21 ||    54
       Leather armour    |     4 |    28 |       |       ||    32
       Troll leather arm |       |       |       |    42 ||    42
       Steam dragon scal |       |       |       |    31 ||    31
Dodge: Dodged            |    47 |    95 |    92 |   278 ||   512
